AoeStats
← moron

Arena

507584915Analyzed
4v4 RM · 15d ago on Sep 18, 2026· 31m 15s· 8 players
Game mode
Random Map
Map size
Large (8 player)
Population
200
Speed
Normal
Resources
Standard
Victory
Conquest
Starting age
Dark Age
Ending age
Imperial Age
RankedLock teamsTeams togetherTeam positionsShared explorationLock speedFull tech treeHidden civsTurbo modeCheats
Victory
Defeat
🇧🇷 Teutons · Brazil
1609
+7
🇧🇷 Poles · Brazil
1404
+15
🇧🇷 Bulgarians · Brazil
1341
+17
🇧🇷 Khmer · Brazil
1309
+18
🇷🇺 Britons · Russia
1456
-18
🇬🇧 Celts · United Kingdom
1378
-14
🇺🇸 Maya · United States
1338
-13
🇧🇪 Hindustanis · Belgium
1333
-12
I ONLY MAKE SIEGE TOWERS
10:58 Feudal Age
15:10 Castle Age
13:04 Double-Bit Axe
13:43 Horse Collar
18:24 Bow Saw
20:45 Fletching
26:27 Bodkin Arrow
moron
5:06 Loom
10:09 Feudal Age
16:55 Castle Age
21:30 Double-Bit Axe
27:52 Wheelbarrow
27:27 Horse Collar
34:01 Imperial Age
Pryda
10:23 Feudal Age
14:10 Castle Age
12:23 Horse Collar
12:34 Double-Bit Axe
17:55 Bow Saw
22:18 Heavy Plow
23:56 Wheelbarrow
27:47 Imperial Age
25:03 Town Watch
25:05 Loom
26:18 Ballistics
26:50 Husbandry
27:01 Bloodlines
27:25 Scale Barding Armor
27:30 Forging
28:48 Heavy Camel Rider
31:08 Iron Casting
diprial
11:06 Feudal Age
15:02 Castle Age
13:14 Double-Bit Axe
13:37 Horse Collar
16:18 Bow Saw
19:49 Loom
21:02 Wheelbarrow
22:48 Hand Cart
23:35 Gold Mining
29:40 Fletching
Lord BELO
10:35 Feudal Age
13:36 Castle Age
11:55 Double-Bit Axe
14:32 Bow Saw
15:50 Horse Collar
19:14 Loom
20:25 Gold Mining
21:32 Heavy Plow
22:23 Light Cavalry
23:14 Bloodlines
23:04 Husbandry
23:55 Stone Mining
24:44 Wheelbarrow
28:53 Imperial Age
26:41 Hand Cart
26:11 Town Watch
26:37 Husbandry
28:08 Scale Barding Armor
28:37 Forging
28:57 Chain Barding Armor
28:59 Tusk Swords
30:46 Conscription
31:15 Plate Barding Armor
30:22 Elite Battle Elephant
Pãozinho
11:29 Feudal Age
10:50 Loom
15:26 Castle Age
13:22 Double-Bit Axe
13:39 Horse Collar
16:31 Heavy Plow
16:53 Bow Saw
17:52 Town Watch
22:18 Scale Mail Armor
24:24 Chain Mail Armor
24:19 Forging
25:19 Forging
27:49 Iron Casting
27:55 Squires
27:41 Arson
30:26 Wheelbarrow
AXEL2904
11:39 Feudal Age
13:31 Double-Bit Axe
15:47 Castle Age
13:28 Horse Collar
14:30 Gold Mining
16:03 Scale Barding Armor
16:26 Bloodlines
17:55 Heavy Plow
21:14 Bow Saw
24:33 Wheelbarrow
24:33 Husbandry
25:07 Chain Barding Armor
26:14 Forging
27:10 Iron Casting
31:04 Hand Cart
31:32 Loom
[CL] KleciusPrimeAOE
5:35 Loom
8:10 Feudal Age
13:30 Horse Collar
24:55 Castle Age
28:00 Fletching
Connection lost

Rejoining the realm…

Still unreachable

The connection could not be restored.

Session expired

The server has moved on; the page needs a fresh start.